 Dungeon Crawl Stone Soup version 0.29-a0-43-g62a80824bf (webtiles) character file.

Game seed: 12584690888477233442

264 Hubjo the Sneak (level 5, -8/38 HPs)
             Began as a Vampire Enchanter on Feb 2, 2022.
             Mangled by an ice beast (10 damage)
             ... on level 3 of the Dungeon.
             The game lasted 00:13:17 (2401 turns).

Hubjo the Sneak (Vampire Enchanter)                 Turns: 2401, Time: 00:13:18

Health: -8/38      AC:  5    Str:  7    XL:     5   Next: 98%
Magic:  5/8        EV: 12    Int: 18    God:
Gold:   173        SH:  5    Dex: 16    Spells: 3/9 levels left

rFire   . . .      SeeInvis +   h - +1 dagger (speed)
rCold   . . .      Faith    .   (no shield)
rNeg    . . .      Spirit   .   d - +0 leather armour
rPois   .          Reflect  +   (no helmet)
rElec   .          Harm     .   (no cloak)
rCorr   .          Rampage  .   i - +1 pair of gloves
Will    .....                   (no boots)
Stlth   +++.......              n - amulet of reflection
HPRegen 0.32/turn               (no ring)
MPRegen 0.11/turn               (no ring)

@: about to teleport, very slightly contaminated, healing quickly
A: alive, fangs 3, see invisible, vampiric 2
a: Exsanguinate


You were on level 3 of the Dungeon.
You visited 1 branch of the dungeon, and saw 3 of its levels.

You collected 173 gold pieces.

Inventory:

Hand Weapons
 a - a +1 dagger
 h - a +1 dagger of speed (weapon)
 q - a +1 dagger of speed
Armour
 b - a +0 robe
 d - a +0 leather armour (worn)
 i - a +1 pair of gloves (worn)
Jewellery
 g - an amulet of the acrobat
 n - an amulet of reflection (around neck)
Wands
 o - a wand of polymorph (12)
Scrolls
 l - a scroll of noise
 p - a scroll of identify
Potions
 c - a potion of invisibility
 e - a potion of lignification
 j - a potion of brilliance
 k - a potion of ambrosia {unknown}
 m - a potion of flight {unknown}


   Skills:
 + Level 2.0 Fighting
 + Level 2.6 Short Blades
 + Level 3.3 Dodging
 * Level 6.7 Stealth
 + Level 2.6 Spellcasting
 + Level 5.3 Hexes


You had 3 spell levels left.
You knew the following spells:

 Your Spells              Type           Power      Damage    Failure   Level
a - Tukima's Dance        Hex            21%        N/A       9%          3
b - Dazzling Flash        Conj/Hex       24%        N/A       26%         3

Your spell library contained the following spells:

 Spells                   Type           Power      Damage    Failure   Level
 Confusing Touch          Hex            21%        N/A       9%          3
 Ensorcelled Hibernation  Hex/Ice        24%        N/A       13%         2
 Portal Projectile        Hex/Tloc       24%        N/A       26%         3
 Sublimation of Blood     Necr           2%         N/A       36%         2
 Wereblood                Tmut           2%         N/A       36%         2
 Call Canine Familiar     Summ           2%         N/A       61%         3
 Leda's Liquefaction      Hex/Erth       6%         N/A       63%         4
 Summon Hydra             Summ           1%         N/A       100%        7


Dungeon Overview and Level Annotations

Branches:
Dungeon (3/15)

Altars:


Innate Abilities, Weirdness & Mutations

Your natural rate of healing is accelerated.
You have razor-sharp teeth.
You have supernaturally acute eyesight. (SInv)
You are afflicted with vampirism and can become a bat while bloodless.


Message History

You hit the ice beast.
The ice beast is lightly wounded.
You block the ice beast's attack.
You barely miss the ice beast.
The ice beast is lightly wounded.
You barely miss the ice beast.
The ice beast is lightly wounded.
The ice beast barely misses you.
You hit the ice beast but do no damage.
The ice beast is lightly wounded.
You closely miss the ice beast.
The ice beast is lightly wounded.
The ice beast closely misses you.
You hit the ice beast.
The ice beast is lightly wounded.
The ice beast hits you. The ice beast freezes you.
You barely miss the ice beast.
You punch the ice beast, but do no damage.
Your bite misses the ice beast.
The ice beast is lightly wounded.
You hit the ice beast but do no damage.
The ice beast is lightly wounded.
The ice beast hits you but does no damage.
You hit the ice beast but do no damage.
The ice beast is lightly wounded.
Casting: Dazzling Flash (quite dangerous; 26% risk of failure)
Confirm with . or Enter, or press ? or * to list all spells.
The spell is quite dangerous to miscast (26% risk of failure)!
Continue anyway?
Casting: Dazzling Flash (quite dangerous; 26% risk of failure)
Press: ? - help, Dir - look around, f - activate You miscast Dazzling Flash.
You are very lightly contaminated with residual magic.
Strange energies run through your body! The ice beast hits you.
The ice beast freezes you!
* * * LOW HITPOINT WARNING * * *
As you read the scroll of teleportation, it crumbles to dust.
You feel strangely unstable. The ice beast hits you.
* * * LOW HITPOINT WARNING * * *
The ice beast freezes you!
You die...

#.## #. #..##### # #.
#......# # #.
##.#..#.##### #.
###...#........ #.
#..(#..#....### #.
#.#..#..#...# #
###.##.####.#...#.....# #
##......Y@...#.#..#....##
...#..########..#..#....#
###.#..# #...#....#
##......# #.#..#...#
.....#<########..#..#..#
#............#....#....#
#.........).....#..#...#
#...##...###.##..#..#..#
#...##.#.###.##........#


You could see an ice beast.

Vanquished Creatures
  A black bear (D:3)
  2 iguanas (D:3)
  An orc wizard (D:2)
  An adder (D:2)
  A worm (D:2)
  7 dart slugs
  3 orcs (D:2)
  3 ball pythons
  7 bats
  4 endoplasms
  3 giant cockroaches
  2 goblins
  3 hobgoblins
  11 jackals
  5 kobolds
  2 quokkas
  5 frilled lizards
  4 rats
65 creatures vanquished.

Vanquished Creatures (collateral kills)
  An orc (D:2)
  A goblin (D:2)
2 creatures vanquished.

Grand Total: 67 creatures vanquished

Notes
Turn   | Place    | Note
-------+----------+-------------------------------------------
     0 | D:1      | Hubjo the Vampire Enchanter began the quest for the Orb.
     0 | D:1      | Reached XP level 1. HP: 13/13 MP: 3/3
   249 | D:1      | Reached XP level 2. HP: 20/20 MP: 5/5
   601 | D:1      | Reached skill level 1 in Fighting
   601 | D:1      | Reached skill level 5 in Stealth
   724 | D:1      | Gained mutation: You are afflicted with vampirism and can
                  | become a bat while bloodless. [Vampire growth]
   724 | D:1      | Reached XP level 3. HP: 26/26 MP: 6/6
   728 | D:1      | Learned a level 3 spell: Tukima's Dance
   732 | D:1      | Learned a level 3 spell: Dazzling Flash
  1400 | D:2      | Reached XP level 4. HP: 23/32 MP: 7/7
  1999 | D:3      | Reached skill level 6 in Stealth
  1999 | D:3      | Reached skill level 5 in Hexes
  2024 | D:3      | Reached XP level 5. HP: 37/37 MP: 8/8
  2151 | D:3      | Noticed a black bear
  2165 | D:3      | Killed a black bear
  2373 | D:3      | Noticed an ice beast
  2401 | D:3      | Mangled by an ice beast

Illustrated notes

Levels and vault maps discovered:
D:1:      dpeg_cavernosity, layout_loops_ring, minmay_crystal_water
D:2:      layout_basic, minmay_diced_spiral
D:3:      layout_loops_ring, serial_shops, nicolae_shop_hallway_plus,
          hangedman_decor_growths, minmay_misc_feat_diagonals,
          minmay_increasing_density

Skill      XL: |  1  2  3  4  5 |
---------------+----------------+-----
Fighting       | 1 2 |  2.0
Stealth        | 5 6 |  6.7
Short Blades   | 2 |  2.6
Hexes          | 5 |  5.3
Dodging        | 3 |  3.3
Spellcasting   | |  2.6

Action                   |  1- 3 |  4- 6 || total
-------------------------+-------+-------++-------
Melee: Dagger            |   146 |   231 ||   377
       Punch             |     2 |     3 ||     5
       Bite              |    12 |    32 ||    44
 Cast: Tukima's Dance    |       |     3 ||     3
       Dazzling Flash    |       |     2 ||     2
  Use: Scroll            |       |     8 ||     8
 Stab: Sleeping          |     7 |     4 ||    11
       Distracted        |     1 |       ||     1
       Invisible         |       |     1 ||     1
Armor: Leather armour    |    30 |    44 ||    74
Dodge: Dodged            |    81 |    92 ||   173
Block: Other             |       |    15 ||    15

Table legend: (Time is in decaauts)
 A = Elapsed time spent in this place.
 B = Non-inter-level travel time spent in this place.
 C = Inter-level travel time spent in this place.
 D = Time resting spent in this place.
 E = Time spent auto-exploring this place.
 F = Levels seen in this place.
 G = Mean time per level.
                   A        B        C        D        E       F      G
               +--------+--------+--------+--------+--------+-----+--------+
         Total |   2269 |   1844 |    425 |     66 |   1142 |   3 |  756.3 |
       Dungeon |   2269 |   1844 |    425 |     66 |   1142 |   3 |  756.3 |
               +--------+--------+--------+--------+--------+-----+--------+

Top non-repeatable levels by time:
     D:1: 1238 daAuts
     D:2: 664 daAuts
     D:3: 366 daAuts
